 Dungeon Crawl Stone Soup version 0.21-a0-434-g806c6c2 (webtiles) character file.

7 slep the Chucker (level 1, -1/13 HPs)
             Began as a Demonspawn Wanderer on Nov 9, 2017.
             Slain by a goblin
             ... wielding a +0 dagger
              (3 damage)
             ... on level 1 of the Dungeon.
             The game lasted 00:01:22 (103 turns).

slep the Chucker (Demonspawn Wanderer)               Turns: 103, Time: 00:01:23

Health: -1/13      AC:  2    Str: 12    XL:     1   Next: 91%
Magic:  3/3        EV: 11    Int: 12    God:
Gold:   19         SH:  0    Dex: 13    Spells: 4/4 levels left

rFire    . . .     SeeInvis .   i - +0 short sword
rCold    . . .     Gourm    .   (no shield)
rNeg     . . .     Faith    .   d - +0 robe
rPois    .         Spirit   .   (no helmet)
rElec    .         Reflect  .   (no cloak)
rCorr    .         Harm     .   (no gloves)
MR       .....                  (no boots)
Stlth    +.........             (no amulet)
HPRegen  0.04/turn              (no ring)
MPRegen  0.08/turn              (no ring)

@: no status effects
A: no striking features
a: no special abilities


You were on level 1 of the Dungeon.
You were not hungry.

You visited 1 branch of the dungeon, and saw 1 of its levels.

You collected 19 gold pieces.

Inventory:

Hand Weapons
 e - a +0 dagger
 i - a +0 short sword (weapon)
Armour
 d - a +0 robe (worn)
Scrolls
 h - a scroll of teleportation {unknown}
Potions
 g - a potion of agility {unknown}
Books
 a - a book of Minor Magic

   Spells                             Type                      Level
   a - Magic Dart                     Conjuration                  1
   b - Blink                          Translocation                2
   c - Call Imp                       Summoning                    2
   d - Slow                           Hexes                        2
   e - Conjure Flame                  Conjuration/Fire             3
   f - Mephitic Cloud                 Conjuration/Poison/Air       3
 b - the Tome of the Glacier

   Spells                             Type                      Level
   a - Throw Frost                    Conjuration/Ice              2
   b - Ensorcelled Hibernation        Hexes/Ice                    2
 c - Ezeth's Catalogue of the Voyage

   Spells                             Type                      Level
   a - Apportation                    Translocation                1
   b - Recall                         Summoning/Translocation      3
Comestibles
 f - a bread ration


   Skills:
 + Level 2.2 Throwing
 + Level 2.2 Spellcasting
   Level 2.0 Summonings
   Level 1.7 Transmutations
   Level 1.7 Air Magic


You had 4 spell levels left.
You didn't know any spells.

Dungeon Overview and Level Annotations

Branches:
Dungeon (1/15)

Altars:


Message History

The goblin hits you with a dagger.
You hit the goblin.
You kill the goblin!
A rat comes into view.
Found an orange potion.
Things that are here:
a dagger; a goblin corpse The goblin hits you with a dagger.
A rat comes into view.
You barely miss the goblin. The goblin hits you but does no damage.
You hit the goblin but do no damage. The goblin barely misses you.
The goblin hits you with a dagger.
You closely miss the goblin. The goblin hits you with a dagger.
* * * LOW HITPOINT WARNING * * *
You hit the goblin.
You kill the goblin!
You barely miss the goblin. The goblin closely misses you.
A kobold comes into view.
You miss the goblin. The goblin hits you with a dagger.
You die...

##### #.....
#### #......
#..####.......
#.[.@gg.......
#.####rr......
#.# ##.......
#†# .......
#.# #......
#.# .....! #.#
...K.. #.#
.r.... #.#


You could see 2 goblins, a kobold (wandering) and 2 rats.

Vanquished Creatures
  3 goblins (D:1)
  A hobgoblin (D:1)
  A frilled lizard (D:1)
  2 rats (D:1)
7 creatures vanquished.

Notes
Turn   | Place    | Note
-------+----------+-------------------------------------------
     0 | D:1      | slep the Demonspawn Wanderer began the quest for the Orb.
     0 | D:1      | slep set off with: a book of Minor Magic, the Tome of the Glacier, Ezeth's Catalogue of the Voyage, a +0 robe, a +0 dagger, a bread ration
     0 | D:1      | Reached XP level 1. HP: 13/13 MP: 3/3
   103 | D:1      | Slain by a goblin

Vault maps used:
D:1:      scummos_arrival_simple_crosswalls

Skill      XL: |  1 |
---------------+----+-----
Throwing       | 2 |  2.2
Spellcasting   | |  2.2
Summonings     | |  2.0
Transmutations | |  1.7
Air Magic      | |  1.7

Action                   || total
-------------------------++-------
Melee: Dagger            ||    13
       Short sword       ||    12
Armor: Robe              ||     3
Dodge: Dodged            ||     9

Table legend:
 A = Spawn XP
 B = Non-spawn XP
 C = Spawn XP percentage of total XP
 D = Spawn monster count
 E = Non-spawn monster count
 F = Spawn count percentage of total count
 G = Total turns spent on level
                    A         B        C        D         E        F      G
               +---------+---------+-------+---------+---------+-------+---------
         Total |       0 |      11 |   0.0 |       0 |       7 |   0.0 |   103
               +---------+---------+-------+---------+---------+-------+---------
           D:1 |       0 |      11 |   0.0 |       0 |       7 |   0.0 |   103
               +---------+---------+-------+---------+---------+-------+---------
